 Dungeon Crawl Stone Soup version 0.29-a0-416-g83a48905f1 (webtiles) character file.

Game seed: 5263463950735729377

840 happo123 the Ruffian (level 7, 0/68 HPs)
             Began as a Troll Berserker on May 16, 2022.
             Was an Elder of Trog.
             Slain by a two-headed ogre
             ... wielding a +0 giant spiked club
              (6 damage)
             ... on level 4 of the Dungeon.
             The game lasted 00:12:48 (3344 turns).

happo123 the Ruffian (Troll Berserker)              Turns: 3344, Time: 00:12:49

Health: 0/68       AC:  5    Str: 28    XL:     7   Next: 67%
Magic:  6/6        EV: 10    Int:  3    God:    Trog [****..]
Gold:   96         SH:  0    Dex:  9    Spells: 6/6 levels left

rFire   x . .      SeeInvis .     - Unarmed
rCold   + . .      Faith    .   (no shield)
rNeg    . . .      Spirit   .   a - +0 animal skin
rPois   .          Reflect  .   (helmet restricted)
rElec   .          Harm     .   u - +0 cloak
rCorr   .          Rampage  .   (gloves unavailable)
Will    .....                   (boots unavailable)
Stlth   +.........              l - amulet of regeneration
HPRegen 1.81/turn               j - ring of ice
MPRegen 0.10/turn               (no ring)

@: no status effects
A: large, unfitting armour, claws 3, regeneration 1, shaggy fur 1, tough skin 1
a: Renounce Religion, Berserk, Trog's Hand, Brothers in Arms


You were on level 4 of the Dungeon.
You worshipped Trog.
Trog was greatly pleased with you.
You visited 1 branch of the dungeon, and saw 5 of its levels.
You also visited: Sewer.

You collected 175 gold pieces.
You spent 79 gold pieces at shops.

Inventory:

Hand Weapons
 z - a +0 battleaxe
Armour
 a - a +0 animal skin (worn)
 u - a +0 cloak (worn)
Jewellery
 j - a ring of ice (left claw)
 l - an amulet of regeneration (around neck)
 q - a ring of ice
Wands
 s - a wand of paralysis (4)
 y - a wand of flame (14)
Scrolls
 b - a scroll of poison {unknown}
 c - 3 scrolls of vulnerability {unknown}
 e - 3 scrolls of identify {unknown}
 f - 7 scrolls of teleportation
 g - 3 scrolls of fog {unknown}
 h - 2 scrolls of brand weapon {unknown}
 i - 3 scrolls of enchant weapon {unknown}
 k - a scroll of amnesia {unknown}
 m - a scroll of fear
 n - 3 scrolls of immolation {unknown}
Potions
 d - 4 potions of curing {unknown}
 o - a potion of heal wounds {unknown}
 p - 2 potions of mutation {unknown}
 r - 2 potions of might
 t - a potion of cancellation {unknown}
 v - 2 potions of magic {unknown}
 w - 2 potions of haste {unknown}
 x - a potion of experience {unknown}


   Skills:
 + Level 3.9 Fighting
 + Level 4.0 Dodging
 + Level 1.0 Stealth
 + Level 7.2 Unarmed Combat


You had 6 spell levels left.
You didn't know any spells.
Your spell library was empty.

Dungeon Overview and Level Annotations

Branches:
Dungeon (5/15)              Sewer (visited)
 Temple: D:4-7

Altars:

Shops:
D:2 *   D:3 *

Annotations:
D:5 Menkaure


Innate Abilities, Weirdness & Mutations

You are too large for most types of armour.
You have claws for hands.
Your natural rate of healing is unusually fast.
You are covered in fur. (AC +1)
You have tough skin. (AC +1)


Message History

Things that are here:
a +0 club; a +0 leather armour
f - 7 scrolls of teleportation (gained 1) HP restored.
Found a trident.
You feel yourself speed up.
You open the door.
Menkaure and a two-headed ogre come into view.
The two-headed ogre shouts in stereo!
Found the Papyrus of the Entourage.
A centaur comes into view.
You recover from your berserk rage.
Menkaure shouts!
The centaur shouts!
The centaur wields a +0 shortbow.
The centaur shoots an arrow.
The arrow hits you!
Menkaure gestures wildly while chanting.
Menkaure seems to speed up.
The two-headed ogre attacks as you move away!
The two-headed ogre hits you with a +0 giant spiked club!!
The two-headed ogre closely misses you.
There is a stone staircase leading down here.
The centaur shoots an arrow.
The arrow completely misses you.
There is a stone staircase leading up here.
The centaur shoots an arrow.
The arrow closely misses you.
The two-headed ogre hits you with a +0 giant spiked club!
The two-headed ogre barely misses you.
You climb upwards.
There is a stone staircase leading down here.
You claw the two-headed ogre!
The two-headed ogre is moderately wounded.
The two-headed ogre barely misses you.
The two-headed ogre hits you with a +0 giant club!!
You barely miss the two-headed ogre.
The two-headed ogre is moderately wounded.
You claw the two-headed ogre!
The two-headed ogre is heavily wounded.
The two-headed ogre hits you with a +0 giant spiked club!!
* * * LOW HITPOINT WARNING * * *
The two-headed ogre hits you with a +0 giant club.
You die...

#.... ######.###
#......###
#########.###...((
#.........###..###
#.#########....... #.#
#.#..### ######.#####
##.#.[#
#..|..@O...####.....#
#.########......#<..#
#)###≈≈≈##..###.....###
#.##..#..##............
#.#.......#.#......####
#.#.......#>...........
#.#)).....#.†..........
#...#####...#..........
#...# #...#.##.......


You could see a two-headed ogre.

Vanquished Creatures
  An orc warrior (D:5)
  A phantom (D:4)
  2 kobold brigands (Sewer)
  A scorpion (D:4)
  A jelly (D:4)
  2 orc priests
  Ijyb (D:3)
  An iguana (D:5)
  2 orc wizards
  11 adders
  7 river rats
  2 worms
  17 orcs
  6 bats
  9 endoplasms
  2 giant cockroaches
  6 goblins
  6 hobgoblins
  13 ball pythons
  5 frilled lizards
  16 kobolds
  21 rats
133 creatures vanquished.

Notes
Turn   | Place    | Note
-------+----------+-------------------------------------------
     0 | D:1      | happo123 the Troll Berserker began the quest for the Orb.
     0 | D:1      | Reached XP level 1. HP: 22/22 MP: 0/0
    19 | D:1      | Found a faded altar of an unknown god.
   275 | D:1      | Reached XP level 2. HP: 29/29 MP: 1/1
   716 | D:2      | Reached XP level 3. HP: 37/37 MP: 2/2
   850 | D:2      | Found Buure Cigut's General Store.
   854 | D:2      | Reached ** piety under Trog
  1238 | D:2      | Bought a scroll of fear for 35 gold pieces
  1341 | D:3      | Reached XP level 4. HP: 11/45 MP: 3/3
  1445 | D:3      | Found Ethruloobb's General Store.
  1460 | D:3      | Bought a potion of might for 44 gold pieces
  1545 | D:3      | Reached skill level 4 in Unarmed Combat
  1548 | D:3      | Noticed Ijyb
  1550 | D:3      | Paralysed by Ijyb for 4 turns
  1562 | D:3      | Paralysed by Ijyb for 5 turns
  1571 | D:3      | Killed Ijyb
  1815 | D:3      | Reached XP level 5. HP: 52/53 MP: 4/4
  2061 | D:4      | Noticed a phantom
  2068 | D:4      | Killed a phantom
  2069 | D:4      | Reached skill level 5 in Unarmed Combat
  2214 | D:4      | Reached XP level 6. HP: 51/61 MP: 5/5
  2434 | D:4      | Reached *** piety under Trog
  2610 | D:4      | Reached skill level 6 in Unarmed Combat
  2636 | D:4      | Found a glowing drain.
  2644 | Sewer    | Entered a sewer
  2762 | Sewer    | Reached skill level 1 in Stealth
  2762 | Sewer    | Reached XP level 7. HP: 51/67 MP: 6/6
  2808 | Sewer    | Reached **** piety under Trog
  3280 | D:5      | Entered Level 5 of the Dungeon
  3291 | D:5      | Reached skill level 7 in Unarmed Combat
  3326 | D:5      | Noticed Menkaure
  3326 | D:5      | Noticed a two-headed ogre
  3344 | D:4      | Slain by a two-headed ogre

Illustrated notes

Levels and vault maps discovered:
D:1:      pf_arrival_petrified_forest, layout_basic,
          shapermc_ecumenical_altar_mp_ritualfount, minmay_statues_item,
          minmay_pentomino_t2
D:2:      layout_loops_ring, serial_shops, shop
D:3:      layout_basic, serial_shops, nicolae_shop_statue_plus, uniq_ijyb
D:4:      layout_loops_ring, lightli_sewer_entry_pipes, kennysheep_nub
D:5:      layout_loops_corners, minmay_temple_entry_ruins, uniq_edmund,
          uniq_menkaure, uniq_grinder, uniq_eustachio, uniq_crazy_yiuf_cottage,
          uniq_duvessa

Skill      XL: |  1  2  3  4  5  6  7 |
---------------+----------------------+-----
Fighting       | 3 |  3.9
Dodging        | 3 4 |  4.0
Unarmed Combat | 4 5 6 7 |  7.2
Stealth        | 1 |  1.0

Action                   |  1- 3 |  4- 6 |  7- 9 || total
-------------------------+-------+-------+-------++-------
Melee: Unarmed           |    73 |   165 |    98 ||   336
       Punch             |     1 |     3 |     1 ||     5
Invok: Berserk           |       |       |     1 ||     1
  Use: Scroll            |       |     1 |       ||     1
 Stab: Sleeping          |     2 |       |       ||     2
Armor: Animal skin       |    27 |    71 |    45 ||   143
Dodge: Dodged            |    32 |    85 |    91 ||   208

Table legend: (Time is in decaauts)
 A = Elapsed time spent in this place.
 B = Non-inter-level travel time spent in this place.
 C = Inter-level travel time spent in this place.
 D = Time resting spent in this place.
 E = Time spent auto-exploring this place.
 F = Levels seen in this place.
 G = Mean time per level.
                   A        B        C        D        E       F      G
               +--------+--------+--------+--------+--------+-----+--------+
         Total |   3375 |   2708 |    667 |      0 |   1824 |   6 |  562.5 |
       Dungeon |   2866 |   2199 |    667 |      0 |   1587 |   5 |  573.2 |
         Sewer |    509 |    509 |      0 |      0 |    237 |   1 |  509.0 |
               +--------+--------+--------+--------+--------+-----+--------+

Top non-repeatable levels by time:
     D:4: 814 daAuts
     D:3: 736 daAuts
     D:1: 672 daAuts
     D:2: 579 daAuts
   Sewer: 509 daAuts
     D:5: 62 daAuts
